 Dungeon Crawl Stone Soup version 0.15.0-27-gbdb0435 (webtiles) character file.

788 Iskender the Basher (level 7, -9/41 HPs)
             Began as a Gargoyle Chaos Knight on Sept 11, 2014.
             Was an Initiate of Qazlal.
             Mangled by a mummy (12 damage)
             ... in an ossuary.
             The game lasted 00:45:35 (4748 turns).

Iskender the Basher (Gargoyle Chaos Knight)         Turns: 4748, Time: 00:45:36

HP  -9/41        AC 11     Str 16      XL: 7   Next: 87%
MP   7/7         EV 10     Int  8      God: Qazlal [......]
Gold 267         SH  0     Dex 11      Spells:  0 memorised,  6 levels left

rFire  . . .     SeeInvis .     g - +0 flail (holy)
rCold  . . .     Rnd*Rage +     m - +2 leather armour
rNeg   + . .     rCorr    .     (no shield)
rPois  +         rRot     +     (no helmet)
rElec  +         Spirit   .     E - +0 cloak
SustAb .         Warding  .     (no gloves)
rMut   .         Stasis   .     (no boots)
Gourm  .                        (no amulet)
MR     .....                    (no ring)
                                h - ring of flight

@: flying, not resistant to hostile enchantments, very unstealthy
A: berserk 1, dopey 2, negative energy resistance 1, electricity resistance,
spit poison 1, unbreathing, evolution 1, petrification resistance, rot immunity,
AC +4
a: Spit Poison, Renounce Religion


You were in an ossuary.
You worshipped Qazlal.
Qazlal was noncommittal.
You were not hungry.

You visited 2 branches of the dungeon, and saw 6 of its levels.
You also visited: Ossuary.

You collected 267 gold pieces.

Inventory:

Hand weapons
 a - a cursed +3 whip
 b - a +0 hunting sling
 e - a +0 dagger of venom
 g - a +0 flail of holy wrath (weapon)
 j - a +0 mace of chaos
 r - a cursed +0 hand axe
 u - a cursed +4 quarterstaff of chaos
 v - a +0 blowgun
 w - a +0 whip
 z - a +1 dagger of venom
 F - a +0 quarterstaff
Missiles
 o - 94 stones (quivered)
 p - 27 poisoned needles
 y - 29 arrows
 A - 24 bolts
 G - 9 poisoned bolts
Armour
 l - a +0 shield
 m - a +2 leather armour (worn)
 D - a +2 robe of cold resistance
 E - a +0 cloak (worn)
Magical devices
 n - a wand of lightning (5)
 C - a wand of random effects (7)
Comestibles
 c - 6 bread rations
 f - a meat ration
 B - 4 fruits
Scrolls
 i - a scroll of remove curse
 q - a scroll of fog
 t - a scroll of recharging
 J - a scroll of fear
Jewellery
 h - a ring of flight (left hand)
Potions
 k - 2 potions of haste
 s - a potion of flight
Books
 d - a book of Death

   Spells                             Type                      Level
   Corpse Rot                         Necromancy                   2
   Sublimation of Blood               Necromancy                   2
   Agony                              Necromancy                   5
   Dispel Undead                      Necromancy                   5
   Excruciating Wounds                Charms/Necromancy            5
   Bolt of Draining                   Conjuration/Necromancy       5


   Skills:
 - Level 3.2 Fighting
 + Level 9.0 Maces & Flails
 - Level 1.0(5.6) Staves
 - Level 2.1 Armour
 - Level 0.7 Dodging


You had 6 spell levels left.
You didn't know any spells.

Dungeon Overview and Level Annotations

Branches:
Dungeon (5/15)             Temple (1/1) D:4

Altars:
Dithmenos
Fedhas
Kikubaaqudgha
Makhleb
Nemelex Xobeh
Okawaru
Qazlal
Sif Muna
Trog
Yredelemnul
Zin
The Shining One


Innate Abilities, Weirdness & Mutations

You are resistant to torment.
You are immune to poison.
Your stone body is very resilient (AC +4).
You resist negative energy.
You are resistant to electric shocks.
You can survive without breathing.
You are immune to petrification.
You are immune to rotting.
You tend to lose your temper in combat.
You are very dopey. (Int -4)
You can spit poison.
You evolve.


Message History

You closely miss something.
You don't know any spells.
You hit the mummy.
The mummy convulses.
The mummy is moderately damaged.
Something hits you!
You sock the mummy!
The mummy convulses.
You destroy the mummy!
Qazlal accepts your kill.
You feel nervous for a moment...
Your +4 quarterstaff of chaos glows black for a moment.
Your Maces & Flails skill increases to level 9!
You barely miss something. Something hits you!
* * * LOW HITPOINT WARNING * * *
You sock something! Something hits you.
* * * LOW HITPOINT WARNING * * *
Drink which item? (? for menu, Esc to quit)
You feel very buoyant.
You fly up into the air.
It was a potion of flight.
You completely miss something. Something hits you!
You die...

###
#..######
##......#
#...∩.∩.+
##.(...@#
#..######
###


There were no monsters in sight!

Vanquished Creatures
  Menkaure (D:4)
  Sigmund (D:4)
  2 scorpions
  2 orc wizards (D:4)
  Crazy Yiuf (D:2)
  A crimson imp (D:4)
  A gnoll shaman (D:4)
  A worker ant (D:5)
  Ijyb (D:3)
  Terence (D:3)
  2 mummies (Ossuary)
  7 adders
  6 gnolls (D:3)
  3 worms (D:2)
  6 giant geckos
  2 oozes
  4 orcs (D:4)
  4 goblins
  10 hobgoblins
  10 jackals
  8 kobolds
  3 quokkas
  3 ball pythons
  9 bats
  5 giant cockroaches
  5 giant newts
  7 rats
106 creatures vanquished.

Vanquished Creatures (collateral kills)
  An ogre (D:4)
  An adder (D:4)
  A goblin (D:4)
  A hobgoblin (D:4)
  A kobold (D:4)
5 creatures vanquished.

Grand Total: 111 creatures vanquished

Notes
Turn   | Place    | Note
--------------------------------------------------------------
     0 | D:1      | Iskender, the Gargoyle Chaos Knight, began the quest for the Orb.
     0 | D:1      | Reached XP level 1. HP: 14/14 MP: 1/1
   127 | D:1      | Reached XP level 2. HP: 19/19 MP: 2/2
   380 | D:1      | Reached skill level 4 in Maces & Flails
   444 | D:1      | Reached XP level 3. HP: 23/23 MP: 3/3
   454 | D:1      | XOM: harmless Fire miscast
   725 | D:1      | XOM: divination: detect creatures
  1038 | D:2      | Reached XP level 4. HP: 13/28 MP: 4/4
  1227 | D:2      | Reached skill level 5 in Maces & Flails
  1284 | D:2      | XOM: colour smoke trail
  1381 | D:2      | XOM: enchant monster (good)
  1731 | D:2      | Noticed Crazy Yiuf
  1732 | D:2      | XOM: mild Erth miscast
  1744 | D:2      | Killed Crazy Yiuf
  1744 | D:2      | Reached XP level 5. HP: 6/32 MP: 5/5
  1934 | D:3      | Noticed Ijyb
  1939 | D:3      | Killed Ijyb
  1939 | D:3      | Reached skill level 1 in Staves
  2054 | D:3      | Noticed Terence
  2192 | D:3      | Reached skill level 6 in Maces & Flails
  2399 | D:3      | Killed Terence
  2424 | D:3      | XOM: medium Trmt miscast
  2467 | D:4      | Noticed Sigmund
  2467 | D:4      | Noticed Menkaure
  2467 | D:4      | XOM: swap monsters
  2471 | D:4      | XOM: noise
  2475 | D:4      | Noticed an ogre
  2500 | D:4      | Killed an ogre
  2500 | D:4      | Reached XP level 6. HP: 37/37 MP: 6/6
  2528 | D:4      | XOM is BORED!
  2528 | D:4      | XOM: give mutations
  2528 | D:4      | Gained mutation: You are dopey. (Int -2) [Xom's mischief]
  2528 | D:4      | Gained mutation: You tend to lose your temper in combat. [Xom's mischief]
  2528 | D:4      | Gained mutation: You can spit poison. [Xom's mischief]
  2899 | D:4      | XOM: noise
  2903 | D:4      | XOM: 1-stop teleportation journey
  2948 | D:4      | XOM: mild Chrm miscast
  3001 | D:4      | XOM: medium Divn miscast
  3058 | D:4      | Found a staircase to the Ecumenical Temple.
  3066 | D:4      | XOM: severe Ice miscast
  3084 | D:4      | XOM: divination: detect creatures
  3171 | D:3      | XOM: harmless Divn miscast
  3368 | D:4      | Reached skill level 7 in Maces & Flails
  3395 | D:4      | XOM: confuse monster(s)
  3746 | D:4      | XOM: noise
  3748 | D:4      | XOM: confusion (+ monsters)
  3781 | D:3      | Reached XP level 7. HP: 26/41 MP: 7/7
  3908 | D:4      | XOM: give mutations
  3908 | D:4      | Gained mutation: You are very dopey. (Int -4) [Xom's mischief]
  3908 | D:4      | Gained mutation: You evolve. [Xom's mischief]
  4155 | Temple   | Entered the Ecumenical Temple
  4208 | Temple   | XOM: colour smoke trail
  4209 | Temple   | Fell from the grace of Xom
  4209 | Temple   | Became a worshipper of Qazlal Stormbringer
  4303 | D:4      | Killed Sigmund
  4303 | D:4      | Reached skill level 8 in Maces & Flails
  4363 | D:4      | Killed Menkaure
  4537 | D:5      | Entered Level 5 of the Dungeon
  4700 | D:5      | Found a sand-covered staircase.
  4730 | Ossuary  | XOM: noise
  4730 | Ossuary  | Entered an ossuary
  4744 | Ossuary  | Reached skill level 9 in Maces & Flails
  4748 | Ossuary  | Mangled by a mummy

Action                   |  1- 3 |  4- 6 |  7- 9 || total
-------------------------+-------+-------+-------++-------
Melee: Mace              |    52 |     5 |       ||    57
       Whip              |    88 |   261 |    74 ||   423
       Quarterstaff      |       |     6 |       ||     6
       Flail             |       |       |    12 ||    12
 Fire: Hunting sling     |       |    30 |     7 ||    37
Throw: Stone             |       |     1 |       ||     1
 Abil: Spit Poison       |       |     7 |     1 ||     8
       Stop Flying       |       |     1 |       ||     1
       Evoke Flight      |       |     1 |       ||     1
Evoke: Wand              |       |       |     4 ||     4
  Use: Scroll            |       |     6 |     5 ||    11
       Potion            |       |     3 |     5 ||     8
 Stab: Paralysed         |       |     6 |     8 ||    14
       Confused          |       |     2 |       ||     2
  Eat: Chunk             |       |     6 |     2 ||     8
       Meat ration       |       |     1 |       ||     1
       Beef jerky        |       |     1 |       ||     1
